 Dungeon Crawl Stone Soup version 0.21-a0-279-g6037ffb (webtiles) character file.

27185 tidbits the Fighter (level 13, -4/122 HPs)
             Began as a Black Draconian Necromancer on Sept 23, 2017.
             Was a Follower of Uskayaw.
             Slain by Donald
             ... wielding a +5 double sword of slicing
              (45 damage)
             ... on level 2 of the Orcish Mines.
             The game lasted 01:19:58 (7654 turns).

tidbits the Fighter (Black Draconian Necromancer)   Turns: 7654, Time: 01:19:59

Health: -4/122     AC: 12    Str: 18    XL:     13   Next: 3%
Magic:  3/12       EV: 34    Int: 18    God:    Uskayaw [*.....]
Gold:   1042       SH:  8    Dex: 22    Spells: 6/22 levels left

rFire    . . .     SeeInvis .   c - +8 hand axe (elec)
rCold    + . .     Gourm    .   D - +2 buckler
rNeg     . . .     Faith    .   (armour unavailable)
rPois    .         Spirit   .   E - +1 hat
rElec    +         Reflect  .   C - +0 cloak "Vik Ysop" {rC+ MR++ Regen+ MP-9}
rCorr    .         Harm     .   G - +1 pair of gloves {archery}
MR       ++...                  (no boots)
Stlth    +++.......             R - amulet of magic regeneration
HPRegen  1.70/turn              V - +6 ring of evasion
MPRegen  0.38/turn              X - +3 ring of dexterity

@: mighty, agile, regenerating
A: breathe lightning, unfitting armour, horns 1, electricity resistance, strong
1, wild magic 1, cold-blooded, AC +8
a: Breathe Lightning, Stomp, Renounce Religion


You were on level 2 of the Orcish Mines.
You worshipped Uskayaw.
Uskayaw was aware of your devotion.
You were hungry.

You visited 5 branches of the dungeon, and saw 21 of its levels.
You also visited: Sewer and Volcano.

You collected 1394 gold pieces.
You spent 352 gold pieces at shops.

Inventory:

Hand Weapons
 c - a +8 hand axe of electrocution (weapon)
   (You took it off an orc on level 9 of the Dungeon)
 d - a +1 flail of holy wrath
   (You took it off Edmund on level 6 of the Dungeon)
 x - a +0 war axe of flaming
   (You took it off an orc on level 1 of the Orcish Mines)
Missiles
 j - 80 arrows
Armour
 C - the +0 cloak "Vik Ysop" (worn) {rC+ MR++ Regen+ MP-9}
   (You found it on level 1 of the Lair of Beasts)

   It protects you from cold.
   It affects your resistance to hostile enchantments.
   It affects your magic capacity (-9).
   It increases your rate of regeneration.
 D - a +2 buckler (worn)
 E - a +1 hat (worn)
 G - a +1 pair of gloves of archery (worn)
   (You bought it in a shop on level 1 of the Orcish Mines)
Magical Staves
 a - an uncursed staff of poison
   (You found it on level 1 of the Lair of Beasts)
Jewellery
 A - an uncursed amulet of rage {unknown}
   (You found it on level 4 of the Lair of Beasts)
 K - an uncursed ring of resist corrosion
   (You found it on level 9 of the Dungeon)
 R - an amulet of magic regeneration (around neck)
   (You found it on level 9 of the Dungeon)
 V - a +6 ring of evasion (left hand)
   (You found it on level 3 of the Dungeon)
 X - a +3 ring of dexterity (right hand)
   (You found it on level 9 of the Dungeon)
Wands
 l - a wand of scattershot (4/9)
 s - a wand of flame (16/48)
 t - a wand of scattershot (8/9)
 H - a wand of confusion (14/48)
 P - a wand of acid (0/15)
 T - a wand of lightning (0/15)
Scrolls
 f - a scroll of fear
 h - 3 scrolls of noise {unknown}
 k - 2 scrolls of enchant armour {unknown}
 p - 3 scrolls of recharging {unknown}
 r - 3 scrolls of remove curse
 u - 3 scrolls of immolation {unknown}
 v - a scroll of magic mapping {unknown}
 y - 3 scrolls of blinking
 I - a scroll of random uselessness {unknown}
 N - 3 scrolls of fog {unknown}
 O - 3 scrolls of teleportation
 Q - a scroll of amnesia {unknown}
Potions
 e - 5 potions of brilliance
 m - a potion of lignification {unknown}
 n - 2 potions of mutation {!q}
 o - 2 potions of resistance
 w - a potion of ambrosia {unknown}
 z - 2 potions of haste
 B - 6 potions of curing
 J - 2 potions of agility
 W - a potion of flight {unknown}
Books
 g - a book of Changes
   (You found it on level 2 of the Lair of Beasts)

   Spells                             Type                      Level
   a - Beastly Appendage              Transmutation                1
   b - Sticks to Snakes               Transmutation                2
   c - Spider Form                    Transmutation/Poison         3
   d - Ice Form                       Ice/Transmutation            4
   e - Blade Hands                    Transmutation                5
Miscellaneous
 L - a fan of gales
Comestibles
 b - 7 bread rations
 i - a meat ration
 q - 5 chunks of flesh


   Skills:
 - Level 13.1 Fighting
 - Level 11.5 Dodging
 - Level 1.7 Stealth
 - Level 4.1 Shields
 + Level 5.4 Spellcasting
 - Level 8.5 Necromancy
 - Level 10.1 Invocations


You had 6 spell levels left.
You knew the following spells:

 Your Spells              Type           Power        Failure   Level  Hunger
n - Animate Skeleton      Necr           N/A          1%          1    None
r - Regeneration          Chrm/Necr      ####......   11%         3    ##.....
u - Control Undead        Necr           #####.....   6%          4    ####...
v - Vampiric Draining     Necr           #####.....   2%          3    ##.....
z - Pain                  Necr           ####         1%          1    None
N - Animate Dead          Necr           N/A          6%          4    ####...


Dungeon Overview and Level Annotations

Branches:
Dungeon (11/15)            Temple (1/1) D:4            Lair (6/6) D:10
 Spider (1/4) Lair:2          Orc (2/2) D:9
  Swamp: Lair:2-4    Shoals: Lair:2-4     Slime: Lair:5-6       Elf: Orc:2

Altars:
Dithmenos
Elyvilon
Nemelex Xobeh
Qazlal
Ru
Uskayaw
Vehumet
Wu Jian
Yredelemnul

Shops:
D:6 *   D:8 %   Orc:1 [(

Annotations:
D:3 Grinder
D:4 exclusion: upstairs
D:9 Rhok's ghost, novice MiFi
D:11 Grum
Orc:2 Donald


Innate Abilities, Weirdness & Mutations

You can breathe wild blasts of lightning.
Your glossy black scales are hard. (AC +8)
You cannot fit into any form of body armour.
You are resistant to electric shocks. (rElec)
You are cold-blooded and may be slowed by cold attacks.
You have a pair of small horns on your head.
Your muscles are strong. (Str +2)
Your spells are a little harder to cast, but a little more powerful.


Message History

The orc warrior is severely wounded.
You closely miss the orc. You hit the orc. You block the orc's attack. x2
The orc warrior hits you with a mace! The orc completely misses you.
The orc hits you but does no damage.
You barely miss the orc warrior.
The orc warrior is severely wounded.
You slash the orc!
You kill the orc!
You slash the orc!
You kill the orc!
The orc warrior misses you.
You can now pass through a line of other dancers.
Casting: Vampiric Draining
Confirm with . or Enter, or press ? or * to list all spells.
Aiming: Vampiric Draining
Press: ? - help, Shift-Dir - straight line, f - orc warrior
Aim: an orc warrior, wielding a mace and wearing a plate armour (severely wounded)
You kill the orc warrior!
You feel life coursing into your body.
Things that are here:
a short sword; an orc corpse You see here an orc corpse.
Things that are here:
a mace; a plate armour; an orc corpse
Casting: Vampiric Draining
Confirm with . or Enter, or press ? or * to list all spells.
You attempt to give life to the dead...
Before your eyes, flesh is ripped from the corpse!
The dead are walking!
You can no longer pass through a line of other dancers.
q - 5 chunks of flesh (gained 3)
You now have 992 gold pieces (gained 16).
Found 20 gold pieces.
Found 30 gold pieces.
You now have 1012 gold pieces (gained 20).
Found 26 gold pieces.
Donald the Adventurer comes into view.
He is wielding a double sword of slicing.
Donald shouts!
Donald gestures wildly while chanting.
Donald seems to speed up.
You see here 30 gold pieces.
You now have 1042 gold pieces (gained 30).
Donald says, "I hate chants."
Donald mumbles some strange words.
Donald seems to grow stronger.
You feel agile all of a sudden.
Donald says, "Dance?
No thanks, I don't dance."
You feel very mighty all of a sudden.
Casting: Animate Skeleton
Confirm with . or Enter, or press ? or * to list all spells.
Your skin crawls.
Donald completely misses you.
Casting: Regeneration
Confirm with . or Enter, or press ? or * to list all spells.
Aiming: Vampiric Draining
Press: ? - help, Shift-Dir - straight line, f - Donald
Aim: Donald, wielding a double sword of slicing, wearing a runed chain mail and wearing a shield (fast, unusually strong) Nothing appears to happen.
You block Donald's attack.
You slash Donald!
Donald is lightly wounded.
Donald says, "You're really ugly.
Did you know that?" Donald misses you. Donald blocks your attack. x2
Donald is lightly wounded.
Donald says, "Why do the shops only ever sell food?
I could get that at home."
Donald hits you with a double sword of slicing!!!
You block Donald's attack.
Donald blocks your orc warrior skeleton's attack.
Casting: Vampiric Draining
Confirm with . or Enter, or press ? or * to list all spells.
Aiming: Vampiric Draining
Press: ? - help, Shift-Dir - straight line, f/p - Donald
Aim: Donald, wielding a double sword of slicing, wearing a runed chain mail and wearing a shield (lightly wounded, fast, unusually strong) Donald is lightly wounded.
You feel life coursing into your body.
Donald hits you with a double sword of slicing.
Your orc warrior skeleton hits Donald with a mace.
Casting: Vampiric Draining
Confirm with . or Enter, or press ? or * to list all spells.
Aiming: Vampiric Draining
Press: ? - help, Shift-Dir - straight line, f/p - Donald
Aim: Donald, wielding a double sword of slicing, wearing a runed chain mail and wearing a shield (moderately wounded, fast, unusually strong) Donald is moderately wounded.
You feel life coursing into your body.
You are feeling hungry.
You block Donald's attack.
Donald hits you with a double sword of slicing!!!
* * * LOW HITPOINT WARNING * * *
x2
Casting: Vampiric Draining
Confirm with . or Enter, or press ? or * to list all spells.
You don't have enough magic to cast that spell.
Donald blocks your attack.
Your headbutt misses Donald.
Donald is moderately wounded.
Donald closely misses you.
Your orc warrior skeleton hits Donald with a mace.
You barely miss Donald.
Donald is moderately wounded.
Donald completely misses you.
Donald blocks your orc warrior skeleton's attack.
Donald hits you with a double sword of slicing!!!
You die...

#........... #
##.........#
#.#...........
#.#....##....
##.....# #...
#.#......# #..
#.......##
#......Z.##
#......@@.#
##.............
#.............
...............
#....#$#.....#.#
....####....## #
#.## ......
.......


You could see Donald and a friendly orc warrior skeleton.

Vanquished Creatures
  Gastronok (Lair:3)
  Fannar (Orc:1)
  A hydra (Lair:5)
  A centaur warrior (Volcano)
  The ghost of Dominolapin the Archer, a novice CeHu of Okawaru (Lair:1)
  2 two-headed ogres (D:10)
  A queen ant (Lair:2)
  A hell knight (Volcano)
  Pikel (D:4)
  2 orc knights (Orc:1)
  An oklob plant (Lair:3)
  2 moths of wrath (Spider:1)
  A torpor snail (Lair:3)
  4 spiny frogs
  2 rime drakes (Lair:4)
  A yaktaur (Volcano)
  4 komodo dragons
  2 trolls
  3 hippogriffs
  8 blink frogs
  Sigmund (D:3)
  A wyvern (D:8)
  4 basilisks
  A hungry ghost (D:10)
  12 yaks
  Eustachio (D:5)
  A warg (Orc:1)
  20 soldier ants (Lair:2)
  Edmund (D:6)
  4 water moccasins
  2 porcupines
  10 orc warriors
  3 sky beasts
  A slave (D:5)
  A swamp drake (D:9)
  A black bear (D:10)
  3 ogres
  5 wolves
  4 centaurs
  11 crocodiles
  4 bullfrogs
  2 wyvern zombies (D:9)
  2 scorpions (Lair:2)
  3 crimson imps
  2 bullfrog zombies
  4 howler monkeys
  A quasit (D:10)
  3 hounds
  2 centaur skeletons
  2 jellies (D:9)
  12 orc priests
  Ijyb (D:5)
  Jessica (D:3)
  Terence (D:2)
  8 iguanas
  12 orc wizards
  21 worker ants
  2 killer bee zombies
  A hound zombie (D:5)
  A howler monkey skeleton (D:4)
  6 gnolls
  13 adders
  A river rat (D:5)
  5 oozes (Sewer)
  An adder skeleton (D:7)
  An adder zombie (D:6)
  A dart slug (D:2)
  4 worms
  11 leopard geckos
  65 orcs
  7 bats
  14 giant cockroaches
  4 goblins
  4 hobgoblins
  15 jackals
  A quokka (D:4)
  7 ball pythons (Sewer)
  10 frilled lizards
  4 kobolds
  A leopard gecko zombie (D:9)
  A quokka skeleton (D:9)
  6 rats
  A fungus (Lair:4)
395 creatures vanquished.

Vanquished Creatures (collateral kills)
  A yaktaur (Volcano)
  A rime drake (Lair:2)
  A komodo dragon (Lair:1)
  A hippogriff (Lair:2)
  A wyvern (D:10)
  An acid dragon (D:10)
  A crocodile (Lair:1)
  2 scorpions (Lair:2)
  A crimson imp (D:5)
  An orc wizard (D:9)
  2 worker ants (Lair:2)
  A hound skeleton (D:9)
  An adder (D:9)
  2 oozes (Sewer)
  An adder skeleton (D:6)
  A leopard gecko (Sewer)
  4 orcs
  7 giant cockroaches (Sewer)
  3 ball pythons (Sewer)
  A frilled lizard (Sewer)
  A rat (D:2)
35 creatures vanquished.

Vanquished Creatures (others)
  A slave (D:5)
  A worker ant (D:5)
  A jackal (D:5)
  A fungus (Lair:3)
  2 plants (Lair:3)
6 creatures vanquished.

Grand Total: 436 creatures vanquished

Notes
Turn   | Place    | Note
-------+----------+-------------------------------------------
     0 | D:1      | tidbits the Draconian Necromancer began the quest for the Orb.
     0 | D:1      | Reached XP level 1. HP: 14/14 MP: 3/3
   294 | D:1      | Reached XP level 2. HP: 9/20 MP: 0/5
   433 | D:1      | Learned a level 1 spell: Animate Skeleton
   741 | D:2      | Noticed Terence
   752 | D:2      | Killed Terence
   752 | D:2      | Reached XP level 3. HP: 13/26 MP: 6/6
   767 | D:2      | Reached skill level 5 in Necromancy
   920 | D:2      | Learned a level 3 spell: Vampiric Draining
  1044 | D:2      | Reached XP level 4. HP: 13/33 MP: 1/8
  1199 | D:2      | Found a basalt altar of Yredelemnul.
  1238 | D:2      | Learned a level 3 spell: Regeneration
  1426 | D:3      | Reached skill level 3 in Spellcasting
  1506 | D:3      | Noticed Sigmund
  1514 | D:3      | Killed Sigmund
  1514 | D:3      | Reached skill level 6 in Necromancy
  1514 | D:3      | Reached XP level 5. HP: 34/38 MP: 1/10
  1514 | D:3      | Reached XP level 6. HP: 41/45 MP: 1/11
  1515 | D:3      | Noticed Jessica
  1602 | D:3      | Killed Jessica
  1682 | D:3      | Noticed Grinder
  1764 | D:4      | Found a staircase to the Ecumenical Temple.
  1772 | Temple   | Entered the Ecumenical Temple
  1779 | Temple   | Became a worshipper of Uskayaw the Reveler
  1805 | D:4      | Reached * piety under Uskayaw
  1878 | D:4      | Reached ** piety under Uskayaw
  1883 | D:4      | Reached *** piety under Uskayaw
  1898 | D:5      | Entered Level 5 of the Dungeon
  1904 | D:5      | Reached skill level 7 in Necromancy
  1968 | D:5      | Noticed Eustachio
  1975 | D:5      | Reached skill level 1 in Fighting
  2012 | D:5      | Killed Eustachio
  2012 | D:5      | Reached skill level 2 in Dodging
  2012 | D:5      | Reached skill level 4 in Spellcasting
  2012 | D:5      | Your scales start taking on a glossy black colour.
  2012 | D:5      | Reached XP level 7. HP: 41/52 MP: 0/13
  2012 | D:5      | Gained mutation: You are resistant to electric shocks. (rElec) [Black Draconian growth]
  2012 | D:5      | Reached **** piety under Uskayaw
  2028 | D:5      | Reached ***** piety under Uskayaw
  2053 | D:5      | Learned a level 4 spell: Control Undead
  2103 | D:5      | Noticed Ijyb
  2150 | D:5      | Killed Ijyb
  2185 | D:5      | Noticed Pikel
  2302 | D:4      | Killed Pikel
  2302 | D:4      | Reached skill level 3 in Fighting
  2302 | D:4      | Reached skill level 3 in Dodging
  2302 | D:4      | Reached skill level 8 in Necromancy
  2302 | D:4      | Reached XP level 8. HP: 31/63 MP: 1/14
  2389 | D:5      | Found a glowing drain.
  2393 | Sewer    | Entered a sewer
  2713 | Sewer    | Reached skill level 5 in Spellcasting
  2891 | D:6      | Reached skill level 4 in Fighting
  2891 | D:6      | Reached skill level 4 in Dodging
  2987 | D:6      | Reached skill level 5 in Fighting
  3032 | D:6      | Found Zosev's Assorted Antiques.
  3141 | D:6      | HP: 8/102 [something/magic dart (11)]
  3152 | D:6      | Bought a scroll labeled MORELAU GAQOTH for 23 gold pieces
  3152 | D:6      | Bought a pair of glowing gloves for 172 gold pieces
  3163 | D:6      | Noticed Edmund
  3244 | D:6      | Killed Edmund
  3244 | D:6      | Reached XP level 9. HP: 70/74 MP: 1/17
  3359 | D:7      | Reached skill level 5 in Dodging
  3540 | D:8      | Reached skill level 1 in Shields
  3553 | D:7      | Reached skill level 2 in Shields
  3708 | D:8      | Reached skill level 3 in Shields
  3719 | D:8      | Found Viohait's Food Shop.
  3754 | D:8      | Found a stormy altar of Qazlal.
  3840 | D:10     | Entered Level 10 of the Dungeon
  3852 | D:10     | Reached skill level 4 in Shields
  3983 | D:10     | Learned a level 4 spell: Animate Dead
  3984 | D:10     | Found a sacrificial altar of Ru.
  3990 | D:10     | Noticed a two-headed ogre
  4000 | D:10     | Reached skill level 6 in Fighting
  4036 | D:10     | Noticed a two-headed ogre
  4052 | D:9      | Noticed a troll
  4059 | D:9      | Killed a troll
  4067 | D:9      | Noticed a two-headed ogre
  4253 | D:9      | Reached skill level 6 in Dodging
  4348 | D:8      | Reached skill level 7 in Fighting
  4932 | D:9      | Found a staircase to the Orcish Mines.
  4936 | D:9      | Noticed Rhok's ghost (novice MiFi)
  4946 | D:10     | Noticed a two-headed ogre
  4956 | D:10     | Reached XP level 10. HP: 47/88 MP: 14/18
  4960 | D:10     | Killed a two-headed ogre
  4960 | D:10     | Reached skill level 8 in Fighting
  4960 | D:10     | Reached skill level 7 in Dodging
  4998 | D:11     | Noticed Grum
  5140 | D:10     | Noticed a two-headed ogre
  5176 | D:10     | Killed a two-headed ogre
  5176 | D:10     | Reached skill level 9 in Fighting
  5176 | D:10     | Reached skill level 8 in Dodging
  5239 | D:10     | Found a staircase to the Lair.
  5354 | Lair:1   | Entered Level 1 of the Lair of Beasts
  5376 | Lair:1   | Noticed a spiny frog
  5394 | Lair:1   | Killed a spiny frog
  5491 | Lair:1   | Noticed Dominolapin's ghost (novice CeHu)
  5509 | Lair:1   | Reached skill level 10 in Fighting
  5515 | Lair:1   | Killed Dominolapin's ghost
  5515 | Lair:1   | Reached skill level 9 in Dodging
  5518 | Lair:1   | Reached XP level 11. HP: 89/101 MP: 15/19
  5528 | Lair:1   | Got a fine cloak
  5534 | Lair:1   | Identified the +0 cloak "Vik Ysop" {rC+ MR++ Regen+ MP-9} (You found it on level 1 of the Lair of Beasts)
  5579 | Lair:1   | Found a dark tunnel.
  5589 | Volcano  | Entered a volcano
  5633 | Volcano  | Noticed a hell knight
  5645 | Volcano  | Killed a hell knight
  5714 | Volcano  | Noticed a centaur warrior
  5721 | Volcano  | Killed a centaur warrior
  5721 | Volcano  | Reached skill level 11 in Fighting
  5804 | Lair:2   | Reached skill level 1 in Invocations
  5926 | Lair:2   | Reached skill level 2 in Invocations
  5939 | Lair:3   | Noticed an oklob plant
  5948 | Lair:3   | Killed an oklob plant
  5948 | Lair:3   | Reached skill level 3 in Invocations
  5990 | Lair:2   | Reached skill level 4 in Invocations
  6039 | Lair:2   | Reached skill level 5 in Invocations
  6045 | Lair:2   | Found a hole to the Spider Nest.
  6057 | Lair:2   | Reached skill level 6 in Invocations
  6076 | Spider:1 | Entered Level 1 of the Spider Nest
  6085 | Spider:1 | Reached skill level 7 in Invocations
  6131 | Lair:2   | Gained mutation: Your muscles are strong. (Str +2) [potion of mutation]
  6131 | Lair:2   | Gained mutation: Your spells are a little harder to cast, but a little more powerful. [potion of mutation]
  6131 | Lair:2   | Gained mutation: You have a pair of small horns on your head. [potion of mutation]
  6157 | Lair:3   | Noticed Gastronok
  6177 | Lair:3   | Reached skill level 8 in Invocations
  6200 | Lair:3   | Killed Gastronok
  6200 | Lair:3   | Reached skill level 9 in Invocations
  6200 | Lair:3   | Reached XP level 12. HP: 50/110 MP: 3/20
  6318 | Lair:3   | Reached skill level 10 in Invocations
  6400 | Lair:2   | Reached skill level 10 in Dodging
  6403 | Lair:2   | Reached ****** piety under Uskayaw
  6418 | Lair:2   | Noticed a queen ant
  6430 | Lair:2   | Killed a queen ant
  6658 | Lair:4   | Reached skill level 12 in Fighting
  6820 | Lair:6   | Entered Level 6 of the Lair of Beasts
  6820 | Lair:6   | Noticed a seven-headed hydra
  6837 | Lair:5   | Killed a seven-headed hydra
  6896 | Lair:4   | Reached skill level 11 in Dodging
  7188 | Orc:1    | Entered Level 1 of the Orcish Mines
  7373 | Orc:1    | Found Iladang's Antique Armour Shoppe.
  7399 | Orc:1    | Bought a pair of glowing gloves for 157 gold pieces
  7469 | Orc:1    | Found Doxtem's Weapon Shop.
  7492 | Orc:1    | Noticed Fannar
  7498 | Orc:1    | Reached skill level 13 in Fighting
  7515 | Orc:1    | Killed Fannar
  7515 | Orc:1    | Reached XP level 13. HP: 107/122 MP: 1/21
  7608 | Orc:2    | Entered Level 2 of the Orcish Mines
  7642 | Orc:2    | Noticed Donald
  7654 | Orc:2    | Slain by Donald

Vault maps used:
D:1:      dpeg_arrival_chase
D:2:      first_bread, yredelemnul_altar_generic, uniq_terence,
          uniq_crazy_yiuf_cottage
D:3:      okawaru_trees_2, uniq_jessica, uniq_grinder, uniq_sigmund
D:4:      minitemple, minmay_temple_entry_glass
D:5:      gup_sewer_entry_spiral, uniq_eustachio, uniq_ijyb, uniq_pikel
D:6:      nicolae_overflow_crystal_walls, serial_shops, shop_fountains,
          minmay_door_square, uniq_edmund
D:7:      minmay_holes, uniq_duvessa
D:8:      serial_shops, shop, nicolae_qazlal_eye_of_the_storm
D:9:      erik_orc_1
D:10:     erik_lair_dragon, hangedman_ranch, nicolae_ru_awakened_eye
D:11:     kennysheep_flooded_box, uniq_josephine, uniq_grum
Temple:   compressed_dpeg_circular_temple
Lair:1:   enter_volcano_1
Lair:2:   elwin_shoals_entry_rooms, nicolae_spider_entry_non_spiders,
          small_statue_intersection, minivault_29, infiniplex_staircase_pool,
          lemuel_fruit_tree
Lair:3:   beast_lair_carwin_7, grunt_megastairs_5, uniq_gastronok, uniq_nergalle
Lair:4:   st_stairs_11, lookout_lair_type
Lair:5:   minmay_slime_entry_jelly_boxes, infiniplex_staircase_pool_2,
          serial_bayou_shore_b, serial_bayou_shore_b
Lair:6:   gammafunk_lair_ancient_temple
Orc:1:    cheibrodos_orc_arena, serial_shops,
          nicolae_shop_temple_entry_statues_fountains, shop, shop_fountains,
          uniq_fannar
Orc:2:    st_orc_ogre_mass, serial_shops, statue_bzr, uniq_saint_roka,
          uniq_donald
Sewer:    sewer_frog_island_02
Volcano:  volcano_pools

Skill      XL: |  1  2  3  4  5  6  7  8  9 10 11 12 |
---------------+-------------------------------------+-----
Necromancy     | 5 6 7 8 |  8.5
Spellcasting   | 3 4 5 |  5.4
Fighting       | 1 3 5 7 10 11 13 | 13.1
Dodging        | 2 3 4 6 9 11 | 11.5
Shields        | 4 |  4.1
Invocations    | 9 10 | 10.1
Stealth        | |  1.7

Action                   |  1- 3 |  4- 6 |  7- 9 | 10-12 | 13-15 || total
-------------------------+-------+-------+-------+-------+-------++-------
Melee: Unarmed           |    31 |       |       |       |       ||    31
       Tailslap          |     2 |     7 |    42 |    86 |     5 ||   142
       Dagger            |    10 |    67 |   241 |       |       ||   318
       Flail             |       |       |    76 |     4 |       ||    80
       Hand axe          |       |       |    41 |   457 |    18 ||   516
       Headbutt          |       |       |       |    71 |     1 ||    72
 Cast: Pain              |    55 |    84 |   143 |    20 |       ||   302
       Animate Skeleton  |     2 |     4 |    21 |    26 |     1 ||    54
       Regeneration      |       |     2 |    10 |    27 |     1 ||    40
       Vampiric Draining |       |     2 |    30 |    33 |     5 ||    70
       Control Undead    |       |       |     1 |       |       ||     1
       Animate Dead      |       |       |       |    10 |       ||    10
Invok: Line Pass         |       |       |     1 |       |       ||     1
 Abil: Breathe Lightning |       |       |     9 |     4 |       ||    13
Evoke: Wand              |       |       |     9 |    10 |       ||    19
  Use: Potion            |     3 |     2 |     1 |     4 |     2 ||    12
       Scroll            |       |     6 |     4 |    13 |       ||    23
 Stab: Sleeping          |     4 |       |     4 |     5 |       ||    13
       Paralysed         |       |     3 |     2 |    70 |       ||    75
       Distracted        |       |       |     1 |     1 |       ||     2
       Confused          |       |       |     2 |       |       ||     2
  Eat: Chunk             |     2 |     4 |    16 |    17 |     1 ||    40
Armor: Skin              |    10 |    16 |    74 |    42 |     3 ||   145
Dodge: Dodged            |    36 |   113 |   466 |   441 |    36 ||  1092
Block: Buckler           |       |       |    48 |   191 |    11 ||   250

Table legend:
 A = Spawn XP
 B = Non-spawn XP
 C = Spawn XP percentage of total XP
 D = Spawn monster count
 E = Non-spawn monster count
 F = Spawn count percentage of total count
 G = Total turns spent on level
                    A         B        C        D         E        F      G
               +---------+---------+-------+---------+---------+-------+---------
         Total |       0 |   38836 |   0.0 |       0 |     427 |   0.0 |  7654
               +---------+---------+-------+---------+---------+-------+---------
           D:1 |       0 |      27 |   0.0 |       0 |      16 |   0.0 |   615
           D:2 |       0 |      86 |   0.0 |       0 |      21 |   0.0 |   764
           D:3 |       0 |     342 |   0.0 |       0 |      21 |   0.0 |   340
           D:4 |       0 |     688 |   0.0 |       0 |      11 |   0.0 |   218
           D:5 |       0 |     661 |   0.0 |       0 |      24 |   0.0 |   559
           D:6 |       0 |     694 |   0.0 |       0 |      14 |   0.0 |   410
           D:7 |       0 |     184 |   0.0 |       0 |      13 |   0.0 |   360
           D:8 |       0 |     765 |   0.0 |       0 |      18 |   0.0 |   542
           D:9 |       0 |    1613 |   0.0 |       0 |      32 |   0.0 |   618
          D:10 |       0 |    4130 |   0.0 |       0 |      32 |   0.0 |   658
          D:11 |       0 |      33 |   0.0 |       0 |       1 |   0.0 |    15
        Lair:1 |       0 |    2309 |   0.0 |       0 |       9 |   0.0 |   410
        Lair:2 |       0 |    7392 |   0.0 |       0 |      60 |   0.0 |   441
        Lair:3 |       0 |    6490 |   0.0 |       0 |      25 |   0.0 |   323
        Lair:4 |       0 |    3767 |   0.0 |       0 |      17 |   0.0 |   203
        Lair:5 |       0 |    1617 |   0.0 |       0 |       4 |   0.0 |   143
      Spider:1 |       0 |    1002 |   0.0 |       0 |       2 |   0.0 |    11
         Orc:1 |       0 |    3756 |   0.0 |       0 |      44 |   0.0 |   420
         Orc:2 |       0 |     135 |   0.0 |       0 |       3 |   0.0 |    46
         Sewer |       0 |     365 |   0.0 |       0 |      53 |   0.0 |   370
       Volcano |       0 |    2780 |   0.0 |       0 |       7 |   0.0 |   164
               +---------+---------+-------+---------+---------+-------+---------

Table legend:
 A = Turns spent in this place as a percentage of turns spent in the entire game.
 B = Non-inter-level travel turns spent in this place as a percentage of non-inter-level travel turns spent in the entire game.
 C = Inter-level travel turns spent in this place as a percentage of turns spent in this place.
 D = Turns resting spent in this place as a percentage of non-inter-level travel turns spent in this place.
 E = Turns spent auto-exploring this place as a percentage of non-inter-level travel turns spent in this place.
 F = Non-inter-level travel turns spent in this place divided by the number of levels of this place that you've seen.
                   A       B       C       D       E      F
               +-------+-------+-------+-------+-------+----------------------
         Total | 100.0 | 100.0 |   3.8 |   0.0 |   0.0 | 320.2
       Dungeon |  66.6 |  66.1 |   4.5 |   0.0 |   0.0 | 442.5
        Temple |   0.2 |   0.2 |   0.0 |   0.0 |   0.0 |  15.0
          Lair |  20.0 |  20.3 |   2.2 |   0.0 |   0.0 | 249.2
   Spider Nest |   0.1 |   0.1 |   0.0 |   0.0 |   0.0 |  11.0
  Orcish Mines |   6.1 |   6.0 |   4.9 |   0.0 |   0.0 | 221.5
         Sewer |   4.8 |   5.0 |   0.0 |   0.0 |   0.0 | 370.0
       Volcano |   2.1 |   2.2 |   0.0 |   0.0 |   0.0 | 164.0
               +-------+-------+-------+-------+-------+----------------------

Table legend:
 A = Kills in this place as a percentage of kills in entire the game.
 B = Kills by you in this place as a percentage of kills by you in the entire game.
 C = Kills by friends in this place as a percentage of kills by friends in the entire game.
 D = Other kills in this place as a percentage of other kills in the entire game.
 E = Experience gained in this place as a percentage of experience gained in the entire game.
 F = Experience gained in this place divided by the number of levels of this place that you have seen.
                   A       B       C       D       E      F
               +-------+-------+-------+-------+-------+----------------------
         Total | 100.0 | 100.0 | 100.0 |   N/A | 100.0 | 1688.5
       Dungeon |  47.5 |  48.7 |  34.3 |   N/A |  23.7 | 838.5
          Lair |  26.9 |  27.3 |  22.9 |   N/A |  55.6 | 3595.8
   Spider Nest |   0.5 |   0.5 |   0.0 |   N/A |   2.6 | 1002.0
  Orcish Mines |  11.0 |  12.0 |   0.0 |   N/A |  10.0 | 1945.5
         Sewer |  12.4 |   9.9 |  40.0 |   N/A |   0.9 | 365.0
       Volcano |   1.6 |   1.5 |   2.9 |   N/A |   7.2 | 2780.0
               +-------+-------+-------+-------+-------+----------------------

Vault maps used:
D:1:      dpeg_arrival_chase
D:2:      first_bread, yredelemnul_altar_generic, uniq_terence,
          uniq_crazy_yiuf_cottage
D:3:      okawaru_trees_2, uniq_jessica, uniq_grinder, uniq_sigmund
D:4:      minitemple, minmay_temple_entry_glass
D:5:      gup_sewer_entry_spiral, uniq_eustachio, uniq_ijyb, uniq_pikel
D:6:      nicolae_overflow_crystal_walls, serial_shops, shop_fountains,
          minmay_door_square, uniq_edmund
D:7:      minmay_holes, uniq_duvessa
D:8:      serial_shops, shop, nicolae_qazlal_eye_of_the_storm
D:9:      erik_orc_1
D:10:     erik_lair_dragon, hangedman_ranch, nicolae_ru_awakened_eye
D:11:     kennysheep_flooded_box, uniq_josephine, uniq_grum
Temple:   compressed_dpeg_circular_temple
Lair:1:   enter_volcano_1
Lair:2:   elwin_shoals_entry_rooms, nicolae_spider_entry_non_spiders,
          small_statue_intersection, minivault_29, infiniplex_staircase_pool,
          lemuel_fruit_tree
Lair:3:   beast_lair_carwin_7, grunt_megastairs_5, uniq_gastronok, uniq_nergalle
Lair:4:   st_stairs_11, lookout_lair_type
Lair:5:   minmay_slime_entry_jelly_boxes, infiniplex_staircase_pool_2,
          serial_bayou_shore_b, serial_bayou_shore_b
Lair:6:   gammafunk_lair_ancient_temple
Orc:1:    cheibrodos_orc_arena, serial_shops,
          nicolae_shop_temple_entry_statues_fountains, shop, shop_fountains,
          uniq_fannar
Orc:2:    st_orc_ogre_mass, serial_shops, statue_bzr, uniq_saint_roka,
          uniq_donald
Sewer:    sewer_frog_island_02
Volcano:  volcano_pools
